 Dungeon Crawl Stone Soup version 0.29-a0-824-gd827844252 (webtiles) character file.

Game seed: 867071052601848859

45208 xian the Protected (level 14, -12/108 HPs)
             Began as a Demonspawn Fighter on July 9, 2022.
             Was an Elder of Wu Jian.
             Mangled by a +0 scimitar of holy wrath (21 damage)
             ... on level 1 of the Elven Halls.
             The game lasted 00:56:06 (18117 turns).

xian the Protected (Demonspawn Fighter)            Turns: 18117, Time: 00:56:07

Health: -12/108    AC: 23    Str: 21    XL:     14   Next: 0%
Magic:  0/15       EV:  8    Int: 10    God:    Wu Jian [****..]
Gold:   341        SH:  5    Dex: 13    Spells: 14/14 levels left

rFire   . . .      SeeInvis .   O - +8 arc blade {discharge, rElec}
rCold   . . .      Faith    .   c - +0 buckler
rNeg    . . .      Spirit   +   G - +0 plate armour
rPois   .          Reflect  .   (helmet restricted)
rElec   +          Harm     .   F - +0 cloak
rCorr   +          Rampage  .   (no gloves)
Will    +....                   j - +2 pair of boots
Stlth   ..........              J - amulet of guardian spirit
HPRegen 0.28/turn               v - ring of flight
MPRegen 0.14/turn               h - ring of resist corrosion

@: flying, studying Ranged Weapons
A: antennae 1, yellow scales 2, powered by death 2, spiny 2
a: Renounce Religion, Wall Jump, Serpent's Lash


You were on level 1 of the Elven Halls.
You worshipped Wu Jian.
Wu Jian was greatly pleased with you.
You visited 4 branches of the dungeon, and saw 15 of its levels.

You collected 1708 gold pieces.
You spent 1367 gold pieces at shops.

Inventory:

Hand Weapons
 I - the +4 spear "Killer Bee's Death" {pain, Fly rN+ Str+2}
   (You bought it in a shop on level 2 of the Dungeon)

   In the hands of one skilled in necromantic magic, it inflicts extra damage on
   living creatures.
   Str:       It affects your strength (+2).
   rN:        It protects you from negative energy.
   Fly:       It grants you flight.
 O - the +8 arc blade (weapon) {discharge, rElec}
   (You found it on level 11 of the Dungeon)

   It occasionally unleashes powerful arcs of lightning upon striking a foe.
   These may arc to other adjacent creatures (including the wielder, but dealing
   reduced damage to them) before grounding out.
   rElec:     It insulates you from electricity.
Missiles
 b - 3 curare-tipped darts
 u - 2 throwing nets
 z - 8 boomerangs
 C - 11 poisoned darts (quivered)
Armour
 c - a +0 buckler (worn)
 j - a +2 pair of boots (worn)
 F - a +0 cloak (worn)
 G - a +0 plate armour (worn)
Jewellery
 h - a ring of resist corrosion (right hand)
 p - a ring of magical power
 r - an amulet of magic regeneration
 v - a ring of flight (left hand)
 D - a ring of fire
 J - an amulet of guardian spirit (around neck)
 R - the ring "Cygot" {Ice rN+ Dex+4}
   (You bought it in a shop on level 2 of the Orcish Mines)

   [ring of ice]

   It enhances your ice magic.
   Dex:       It affects your dexterity (+4).
   rF:        It makes you vulnerable to fire.
   rC:        It protects you from cold.
   rN:        It protects you from negative energy.
Wands
 a - a wand of digging (7)
 l - a wand of polymorph (4)
 y - a wand of light (8)
 A - a wand of iceblast (15)
 B - a wand of charming (11)
 H - a wand of flame (14)
 N - a wand of mindburst (6)
Scrolls
 d - a scroll of teleportation
 g - 2 scrolls of silence
 k - 3 scrolls of amnesia
 m - 5 scrolls of fog
 n - 2 scrolls of enchant weapon
 o - a scroll of blinking
 s - a scroll of magic mapping
 t - 3 scrolls of poison
 P - 3 scrolls of immolation
Potions
 f - 2 potions of mutation
 i - 4 potions of lignification
 w - a potion of magic
 x - 2 potions of ambrosia
 E - 4 potions of brilliance
 K - a potion of flight
 L - 2 potions of berserk rage
 M - 3 potions of invisibility


   Skills:
 + Level 9.4 Fighting
 + Level 11.0(11.3) Short Blades
 + Level 3.9(8.1) Long Blades
 + Level 6.2 Polearms
 + Level 1.3 Ranged Weapons
 + Level 4.1 Throwing
 + Level 11.3 Armour
 + Level 3.8 Dodging
 + Level 3.1 Stealth
 + Level 6.8 Shields
 + Level 0.8 Spellcasting
 + Level 1.0 Conjurations
 + Level 1.0 Hexes
 + Level 1.0 Summonings
 + Level 1.0 Necromancy
 + Level 0.8 Translocations
 + Level 0.8 Transmutations
 + Level 0.8 Fire Magic
 + Level 0.8 Ice Magic
 + Level 1.2 Air Magic
 + Level 1.0 Earth Magic
 + Level 1.0 Poison Magic
 + Level 2.1 Invocations
 + Level 0.4 Evocations


You had 14 spell levels left.
You didn't know any spells.
Your spell library contained the following spells:

 Spells                   Type           Power      Damage    Failure   Level
 Shock                    Conj/Air       8%         1d3       98%         1
 Apportation              Tloc           4%         N/A       99%         1
 Static Discharge         Conj/Air       2%         3-4/arc   99%         2
 Blink                    Tloc           4%         N/A       100%        2
 Inner Flame              Hex/Fire       2%         N/A       100%        3
 Lesser Beckoning         Tloc           2%         N/A       100%        3
 Swiftness                Air            2%         N/A       100%        3
 Airstrike                Air            1%         0-2+      100%        4
 Cause Fear               Hex            1%         N/A       100%        4
 Hailstorm                Conj/Ice       2%         3d3       100%        4
 Ice Form                 Ice/Tmut       2%         N/A       100%        4
 Alistair's Intoxication  Tmut/Pois      1%         N/A       100%        5
 Lightning Bolt           Conj/Air       1%         1d12      100%        5
 Manifold Assault         Tloc           2%         N/A       100%        5
 Summon Forest            Summ/Tloc      1%         N/A       100%        5
 Summon Mana Viper        Hex/Summ       2%         N/A       100%        5
 Simulacrum               Ice/Necr       1%         N/A       100%        6
 Summon Cactus Giant      Summ           1%         N/A       100%        6
 Discord                  Hex            1%         N/A       100%        8
 Maxwell's Capacitive Co  Air            1%         ∞         100%        8


Dungeon Overview and Level Annotations

Branches:
Dungeon (11/15)            Temple (1/1) D:5            Lair (0/6) D:11
    Orc (2/2) D:11            Elf (1/3) Orc:2

Altars:
Ashenzari
Cheibriados
Dithmenos
Fedhas
Gozag
Hepliaklqana
Kikubaaqudgha
Makhleb
Nemelex Xobeh
Okawaru
Qazlal
Ru
Sif Muna
Trog
Uskayaw
Vehumet
Wu Jian
Xom
Yredelemnul

Shops:
D:2 (   D:5 :   D:11 *   Orc:2 ***:(:=*=*

Annotations:
D:2 Killer Bee Lance
Orc:2 Rings and Things


Innate Abilities, Weirdness & Mutations

You have a pair of small antennae on your head.
You are mostly covered in yellow scales. (AC +3)
You regenerate health from kills.
You are mostly covered in sharp spines.


Message History

The earth elemental is severely damaged.
The +0 scimitar of holy wrath hits you but does no damage.
You barely miss the earth elemental.
The earth elemental is severely damaged.
You block the +0 scimitar of holy wrath's attack.
Unknown command.
You hit the earth elemental but do no damage.
The arc blade crackles.
The air crackles with electrical energy.
The earth elemental is severely damaged.
The +0 scimitar of holy wrath is struck by your spines.
The +0 scimitar of holy wrath hits you!
You convulse!
You block the earth elemental's attack.
Unknown command.
You miss the +0 scimitar of holy wrath.
The +0 scimitar of holy wrath is heavily damaged.
The +0 scimitar of holy wrath hits you but does no damage.
The +0 scimitar of holy wrath barely misses you.
You miss the +0 scimitar of holy wrath.
The +0 scimitar of holy wrath is moderately damaged.
The +0 scimitar of holy wrath is struck by your spines.
The +0 scimitar of holy wrath hits you!
You convulse.
You miss the +0 scimitar of holy wrath.
The +0 scimitar of holy wrath is heavily damaged.
The +0 scimitar of holy wrath hits you but does no damage.
You miss the +0 scimitar of holy wrath.
The +0 scimitar of holy wrath is heavily damaged.
You hit the +0 scimitar of holy wrath but do no damage.
The +0 scimitar of holy wrath is heavily damaged.
The +0 scimitar of holy wrath hits you.
You convulse.
The +0 scimitar of holy wrath hits you!!
* * * LOW HITPOINT WARNING * * *
You convulse!!
* * * LOW HITPOINT WARNING * * *
You feel much better.
The +0 scimitar of holy wrath is struck by your spines.
The +0 scimitar of holy wrath hits you!!
* * * LOW HITPOINT WARNING * * *
You convulse!!
You die...

#.# #### #)# ....#
#<# .....+ #####.#
......# #..##'#
....... #.....##
....... #......###
......E###........#
......E(@'..........#
.......###........###
......# #......+##
.....# #....### $...+
#..### +### ####


You could see 2 earth elementals and a +0 scimitar of holy wrath.

Vanquished Creatures
  The ghost of Brotato the Blocker, a journeyman GnFi of Gozag (Orc:1)
  A hydra (D:10)
  4 ogre magi (Orc:2)
  15 two-headed ogres
  A dancing weapon (Elf:1)
  A death yak (D:11)
  2 orc knights (Orc:2)
  A deep elf pyromancer (Elf:1)
  A deep elf zephyrmancer (Elf:1)
  An orc sorcerer (Orc:2)
  2 ugly things (D:10)
  A gargoyle (D:11)
  2 unseen horrors
  3 trolls (Orc:2)
  A slime creature (D:10)
  A wraith (D:11)
  2 wyverns
  3 steam dragons
  A naga (shapeshifter) (D:8)
  5 acid dragons
  6 wargs
  2 water moccasins
  19 orc warriors
  2 sky beasts
  2 black bears
  An ice beast (D:6)
  31 ogres
  5 centaurs
  4 phantoms
  A kobold brigand (D:10)
  3 bullfrogs
  A necrophage (D:6)
  A gnoll sergeant (D:11)
  5 wights (D:7)
  4 howler monkeys (D:10)
  A hound (D:5)
  5 jellies
  9 orc priests
  Crazy Yiuf (D:4)
  4 iguanas
  19 orc wizards
  3 gnolls (D:11)
  7 adders
  A shadow imp (D:5)
  2 white imps
  2 ufetubi
  2 worms
  6 dart slugs
  57 orcs
  8 ball pythons
  4 bats
  8 endoplasms
  7 giant cockroaches
  7 goblins
  4 hobgoblins
  6 jackals
  11 kobolds
  5 quokkas
  A frilled lizard (D:2)
  5 rats
321 creatures vanquished.

Vanquished Creatures (collateral kills)
  An orc (D:11)
1 creature vanquished.

Vanquished Creatures (others)
  An orc wizard (Orc:1)
  A fungus (D:4)
2 creatures vanquished.

Grand Total: 324 creatures vanquished

Notes
Turn   | Place    | Note
-------+----------+-------------------------------------------
     0 | D:1      | xian the Demonspawn Fighter began the quest for the Orb.
     0 | D:1      | Reached XP level 1. HP: 18/18 MP: 1/1
     2 | D:1      | Noticed a merfolk
     2 | D:1      | Noticed an elf
     4 | D:1      | Noticed a naga
     4 | D:1      | Noticed a vampire
     6 | D:1      | Noticed an ogre
     8 | D:1      | Noticed a formicid
     8 | D:1      | Noticed an octopode
    10 | D:1      | Noticed a troll
    12 | D:1      | Noticed a tengu
    12 | D:1      | Noticed a draconian
    14 | D:1      | Noticed a demonspawn
    14 | D:1      | Noticed a ghoul
    16 | D:1      | Noticed a felid
    18 | D:1      | Noticed a gargoyle
    18 | D:1      | Noticed a human
    20 | D:1      | Noticed a vine stalker
    22 | D:1      | Noticed a demigod
    22 | D:1      | Noticed a spriggan
    24 | D:1      | Noticed a minotaur
    26 | D:1      | Noticed a dwarf
    93 | D:1      | Gained mutation: You regenerate a little health from kills.
                  | [demonic ancestry]
    93 | D:1      | Reached XP level 2. HP: 24/24 MP: 2/2
   508 | D:1      | Gained mutation: You are partially covered in yellow
                  | scales. (AC +2) [demonic ancestry]
   508 | D:1      | Reached XP level 3. HP: 29/29 MP: 3/3
   949 | D:2      | Found a faded altar of an unknown god.
  1100 | D:2      | Gained mutation: You are partially covered in sharp spines.
                  | [demonic ancestry]
  1100 | D:2      | Reached XP level 4. HP: 35/35 MP: 4/4
  1345 | D:2      | Found Ifihutur's Weapon Emporium.
  1761 | D:3      | Reached skill level 1 in Dodging
  2371 | D:3      | Found a radiant altar of Vehumet.
  2604 | D:4      | Noticed a phantom
  2620 | D:4      | Killed a phantom
  2621 | D:4      | Gained mutation: You have a pair of small antennae on your
                  | head. [demonic ancestry]
  2621 | D:4      | Reached XP level 5. HP: 41/41 MP: 5/5
  2800 | D:4      | Reached skill level 1 in Short Blades
  2811 | D:4      | Reached XP level 6. HP: 45/47 MP: 6/6
  3141 | D:4      | Found a shimmering altar of Xom.
  3502 | D:4      | Found a runed translucent door.
  3503 | D:4      | Noticed Crazy Yiuf
  3519 | D:4      | Killed Crazy Yiuf
  3565 | D:5      | Entered Level 5 of the Dungeon
  3843 | D:5      | Found Kyopusot's Book Shop.
  3867 | D:5      | Gained mutation: You are mostly covered in sharp spines.
                  | [demonic ancestry]
  3867 | D:5      | Reached XP level 7. HP: 16/53 MP: 7/7
  4063 | D:5      | Found a staircase to the Ecumenical Temple.
  4069 | Temple   | Entered the Ecumenical Temple
  4325 | Temple   | Became a worshipper of the Wu Jian Council
  5483 | D:6      | Reached skill level 1 in Stealth
  5490 | D:6      | Reached XP level 8. HP: 58/60 MP: 8/8
  5628 | D:6      | Reached skill level 5 in Armour
  6036 | D:6      | Reached skill level 5 in Short Blades
  6547 | D:7      | Reached skill level 5 in Fighting
  6562 | D:7      | Reached * piety under Wu Jian
  6723 | D:7      | Reached XP level 9. HP: 54/68 MP: 7/9
  7713 | D:8      | Reached ** piety under Wu Jian
  7869 | D:8      | Found a shimmering blue altar of Sif Muna.
  7937 | D:8      | Noticed a two-headed ogre
  7952 | D:8      | Killed a two-headed ogre
  7953 | D:8      | Reached skill level 1 in Throwing
  8131 | D:8      | Reached XP level 10. HP: 48/76 MP: 10/10
  9701 | D:10     | Entered Level 10 of the Dungeon
  9780 | D:10     | Noticed a green ugly thing
  9802 | D:10     | Killed a green ugly thing
  9803 | D:10     | Reached skill level 5 in Shields
  9811 | D:10     | Noticed a two-headed ogre
  9825 | D:10     | Killed a two-headed ogre
 10334 | D:2      | Bought the +4 spear "Killer Bee's Death" {pain, Fly rN+
                  | Str+2} for 585 gold pieces
 10538 | D:10     | Noticed a purple ugly thing
 10551 | D:10     | Killed a purple ugly thing
 10934 | D:10     | Found the +3 giant club "Skullcrusher" {speed, Str+7}
 11080 | D:10     | Noticed a five-headed hydra
 11096 | D:10     | Killed a five-headed hydra
 11097 | D:10     | Reached skill level 1 in Polearms
 11097 | D:10     | Gained mutation: You are mostly covered in yellow scales.
                  | (AC +3) [demonic ancestry]
 11097 | D:10     | Reached XP level 11. HP: 28/84 MP: 2/11
 11753 | D:11     | Noticed a two-headed ogre
 11807 | D:10     | HP: 2/84 [two-headed ogre/+0 dire flail (7)]
 11809 | D:10     | Killed a two-headed ogre
 12129 | D:11     | Found a staircase to the Orcish Mines.
 12286 | D:11     | Noticed a two-headed ogre
 12290 | D:11     | Reached *** piety under Wu Jian
 12329 | Orc:1    | Entered Level 1 of the Orcish Mines
 12653 | Orc:1    | Found a runed translucent door.
 12654 | Orc:1    | Noticed Brotato's ghost (journeyman GnFi)
 13736 | Orc:2    | Entered Level 2 of the Orcish Mines
 13740 | Orc:2    | Reached **** piety under Wu Jian
 13771 | Orc:2    | Noticed a two-headed ogre
 14044 | D:11     | Killed a two-headed ogre
 14276 | D:11     | Found Ceyt's Elemental Accessories.
 14795 | D:11     | Bought a wand of flame (14) for 112 gold pieces
 14921 | D:11     | Noticed a death yak
 14947 | D:11     | Killed a death yak
 15201 | D:11     | Found a staircase to the Lair.
 15202 | D:11     | Noticed a death yak
 15202 | D:11     | Noticed a death yak
 15202 | D:11     | Noticed a death yak
 15202 | D:11     | Noticed a death yak
 15202 | D:11     | Noticed a death yak
 15202 | D:11     | Noticed a death yak
 15657 | D:11     | Found the +8 arc blade {discharge, rElec}
 15849 | Orc:1    | Killed Brotato's ghost
 15850 | Orc:1    | Reached skill level 5 in Polearms
 16045 | Orc:2    | Noticed an orc knight
 16087 | Orc:2    | Found Yroalas's Assorted Antiques.
 16103 | Orc:2    | Killed an orc knight
 16114 | Orc:2    | Found Zuewuck's Assorted Antiques.
 16132 | Orc:2    | Bought a wavering golden ring for 140 gold pieces
 16132 | Orc:2    | Identified the ring "Cygot" {Ice rN+ Dex+4} (You bought it
                  | in a shop on level 2 of the Orcish Mines)
 16132 | Orc:2    | Bought a scroll of identify for 56 gold pieces
 16172 | Orc:2    | Killed a two-headed ogre
 16173 | Orc:2    | Reached XP level 12. HP: 56/92 MP: 12/12
 16188 | Orc:2    | Bought a dark potion for 30 gold pieces
 16188 | Orc:2    | Bought a grey potion for 30 gold pieces
 16195 | Orc:2    | Noticed an ogre mage
 16202 | Orc:2    | Killed an ogre mage
 16204 | Orc:2    | Noticed a two-headed ogre
 16599 | Orc:2    | Noticed a two-headed ogre
 16611 | Orc:2    | Killed a two-headed ogre
 16612 | Orc:2    | Reached skill level 10 in Armour
 16626 | Orc:2    | Noticed an ogre mage
 16626 | Orc:2    | Killed a two-headed ogre
 16640 | Orc:2    | Killed an ogre mage
 16647 | Orc:2    | Noticed a two-headed ogre
 16648 | Orc:2    | Noticed a two-headed ogre
 16648 | Orc:2    | Noticed a two-headed ogre
 16650 | Orc:2    | Found Kyulihu's Assorted Antiques.
 16863 | Orc:2    | Killed a two-headed ogre
 16864 | Orc:2    | Noticed a two-headed ogre
 16871 | Orc:2    | Killed a two-headed ogre
 16872 | Orc:2    | Reached skill level 10 in Short Blades
 16873 | Orc:2    | Killed a two-headed ogre
 16874 | Orc:2    | Killed a two-headed ogre
 16881 | Orc:2    | Noticed a two-headed ogre
 16890 | Orc:2    | Killed a two-headed ogre
 16906 | Orc:2    | Noticed a two-headed ogre
 16906 | Orc:2    | Noticed a two-headed ogre
 16910 | Orc:2    | Killed a two-headed ogre
 16919 | Orc:2    | Killed a two-headed ogre
 17079 | Orc:2    | Found a staircase to the Elven Halls.
 17092 | Orc:2    | Noticed a two-headed ogre
 17114 | Orc:2    | Killed a two-headed ogre
 17285 | Orc:2    | Bought a scroll of identify for 54 gold pieces
 17285 | Orc:2    | Bought 3 scrolls of identify for 162 gold pieces
 17285 | Orc:2    | Bought a dark potion for 24 gold pieces
 17285 | Orc:2    | Bought a scroll of magic mapping for 94 gold pieces
 17290 | Orc:2    | Reached skill level 1 in Ranged Weapons
 17290 | Orc:2    | Reached skill level 1 in Conjurations
 17290 | Orc:2    | Reached skill level 1 in Hexes
 17290 | Orc:2    | Reached skill level 1 in Summonings
 17290 | Orc:2    | Reached skill level 1 in Necromancy
 17290 | Orc:2    | Reached skill level 1 in Air Magic
 17290 | Orc:2    | Reached skill level 1 in Earth Magic
 17290 | Orc:2    | Reached skill level 1 in Poison Magic
 17290 | Orc:2    | Reached XP level 13. HP: 101/101 MP: 12/14
 17331 | Orc:2    | Found Haudaff's Weapon Boutique.
 17331 | Orc:2    | Found Ecofay's Book Shoppe.
 17332 | Orc:2    | Found Koig's Jewellery Emporium.
 17332 | Orc:2    | Found Udouz's Book Boutique.
 17407 | Orc:2    | Found Busyhecu's Jewellery Shop.
 17417 | Orc:2    | Paralysed by something for 3 turns
 17542 | Orc:2    | Found Opnin's General Store.
 17652 | Orc:2    | Bought a potion of heal wounds for 80 gold pieces
 17752 | Orc:2    | Found Syjul's Overcharged Wands.
 18063 | Elf:1    | Entered Level 1 of the Elven Halls
 18102 | Elf:1    | Gained mutation: You regenerate health from kills. [demonic
                  | ancestry]
 18102 | Elf:1    | Reached XP level 14. HP: 99/108 MP: 15/15
 18116 | Elf:1    | HP: 3/108 [+0 scimitar of holy wrath (22)]
 18117 | Elf:1    | Mangled by a +0 scimitar of holy wrath

Illustrated notes

Levels and vault maps discovered:
D:1:      kb_arrival_jail, layout_basic, minmay_close_crescents
D:2:      layout_loops_ring, basic_ecumenical_altar, serial_shops,
          nicolae_shop_statue_plus, minmay_circle_x
D:3:      layout_basic, amcnicky_altar_gilded, roderic_nine_men_s_morris
D:4:      layout_basic, old_standard_altar, dreamdust_mushroom_princess,
          uniq_crazy_yiuf_cottage
D:5:      layout_loops_corners, minmay_temple_entry_fiery, serial_shops,
          kennysheep_mini_moat
D:6:      layout_loops_corners, grunt_ministairs_4, nicolae_lava_and_water,
          minmay_a_box_with_orc_wizards_in_it
D:7:      layout_basic, nrook_campfire, kennysheep_crisscross
D:8:      layout_rooms, overflow_temple_1_default, minivault_22,
          hangedman_abyss_or_decor_stabs, hangedman_decor_riveting,
          kennysheep_donut
D:9:      layout_small_grid, serial_co_window_serial,
          co_window_of_opportunity_a, co_window_corner_a, co_window_corner_a,
          co_window_of_opportunity_a, co_window_paths_b, co_window_paths_a,
          co_window_paths_a, co_window_paths_a, co_window_paths_a,
          co_window_paths_c, co_window_broadway_a, co_window_unsneaky_path_e,
          co_window_broadway_b, co_window_corner_b, glass_columns_a,
          glass_columns_b, glass_columns_a, glass_columns_c
D:10:     layout_cave_pods, st_stairs_5, minmay_checkerbox
D:11:     layout_roguey, dpeg_lair_monsters, david_orc_3, nicolae_elemental_shop
Temple:   compressed_dpeg_triangle_lava_temple
Orc:1:    layout_caves, ebering_ghost_inner_flame, nooodl_orcs_dogs
Orc:2:    st_orc_ogre_mass, layout_caves, serial_shops, nicolae_square_shop,
          shop, nicolae_shop_advertising_works [nicolae_subvault_shop_adworks],
          nicolae_diamond_shop, shop, nicolae_shop_overcharged_wands
Elf:1:    layout_geoelf_octagon, minivault_28

Skill      XL: |  1  2  3  4  5  6  7  8  9 10 11 12 13 |
---------------+----------------------------------------+-----
Shields        | 3 4 5 6 |  6.8
Armour         | 3 4 5 6 8 9 11 | 11.3
Long Blades    | 2 3 |  3.9
Dodging        | 1 2 3 |  3.8
Short Blades   | 1 3 4 5 8 9 10 11 | 11.0
Fighting       | 4 5 6 7 8 9 |  9.4
Stealth        | 1 2 3 |  3.1
Throwing       | 1 2 3 4 |  4.1
Polearms       | 1 5 6 |  6.2
Ranged Weapons | 1 |  1.3
Conjurations   | 1 |  1.0
Hexes          | 1 |  1.0
Summonings     | 1 |  1.0
Necromancy     | 1 |  1.0
Air Magic      | 1 |  1.2
Earth Magic    | 1 |  1.0
Poison Magic   | 1 |  1.0
Invocations    | 2 |  2.1
Spellcasting   | |  0.8
Translocations | |  0.8
Transmutations | |  0.8
Fire Magic     | |  0.8
Ice Magic      | |  0.8
Evocations     | |  0.4

Action                   |  1- 3 |  4- 6 |  7- 9 | 10-12 | 13-15 || total
-------------------------+-------+-------+-------+-------+-------++-------
Melee: Long sword        |   118 |    39 |       |       |       ||   157
       Short sword       |       |    98 |   345 |   114 |       ||   557
       Spear             |       |       |       |   401 |       ||   401
       Rapier            |       |       |       |    88 |    59 ||   147
Throw: Boomerang         |       |     1 |     6 |       |       ||     7
       Dart              |       |     3 |     3 |    19 |       ||    25
       Throwing net      |       |       |       |     2 |       ||     2
Invok: Lunge             |       |       |    28 |    40 |     7 ||    75
       Whirlwind         |       |       |     5 |    18 |       ||    23
Evoke: Wand              |       |       |       |     6 |       ||     6
  Use: Scroll            |     4 |       |     7 |    23 |       ||    34
       Potion            |       |       |     2 |    14 |     1 ||    17
Armor: Scale mail        |    76 |     6 |       |       |       ||    82
       Chain mail        |       |    70 |   124 |    53 |       ||   247
       Plate armour      |       |       |       |   245 |    18 ||   263
       Skin              |       |       |       |    22 |       ||    22
Dodge: Dodged            |    66 |    47 |    68 |   133 |     7 ||   321
Block: Buckler           |    35 |    30 |    59 |   123 |    10 ||   257

Table legend: (Time is in decaauts)
 A = Elapsed time spent in this place.
 B = Non-inter-level travel time spent in this place.
 C = Inter-level travel time spent in this place.
 D = Time resting spent in this place.
 E = Time spent auto-exploring this place.
 F = Levels seen in this place.
 G = Mean time per level.
                   A        B        C        D        E       F      G
               +--------+--------+--------+--------+--------+-----+--------+
         Total |  18058 |  17159 |    899 |   1345 |  11294 |  15 | 1203.9 |
       Dungeon |  13823 |  13074 |    749 |    642 |   9078 |  11 | 1256.6 |
        Temple |    274 |    274 |      0 |      0 |    235 |   1 |  274.0 |
  Orcish Mines |   3913 |   3763 |    150 |    703 |   1973 |   2 | 1956.5 |
   Elven Halls |     46 |     46 |      0 |      0 |      8 |   1 |   46.0 |
               +--------+--------+--------+--------+--------+-----+--------+

Top non-repeatable levels by time:
   Orc:1: 2482 daAuts
    D:10: 2379 daAuts
    D:11: 1683 daAuts
   Orc:2: 1430 daAuts
     D:5: 1406 daAuts
     D:9: 1304 daAuts
     D:7: 1277 daAuts
     D:6: 1225 daAuts
     D:4: 986 daAuts
     D:3: 965 daAuts
     D:2: 911 daAuts
     D:1: 856 daAuts
     D:8: 827 daAuts
  Temple: 274 daAuts
   Elf:1: 46 daAuts
